 Dungeon Crawl Stone Soup version 0.19.0-19-g8c6edcc (webtiles) character file.

1155 Chiseanne the Covert (level 8, -3/39 HPs)
             Began as a Spriggan Monk on Nov 13, 2016.
             Slain by an ice beast (12 damage)
             ... on level 5 of the Dungeon.
             The game lasted 00:18:59 (5964 turns).

Chiseanne the Covert (Spriggan Monk)                Turns: 5964, Time: 00:18:59

Health: -3/39      AC:  3    Str:  7    XL:     8   Next: 16%
Magic:  9/9        EV: 26    Int: 11    God:
Gold:   38         SH:  3    Dex: 21    Spells: 0 memorised, 7 levels left

rFire  . . .     SeeInvis +     s - +4 quarterstaff (chaos)
rCold  . . .     Gourm    .     q - +0 robe
rNeg   . . .     Faith    .     (shield currently unavailable)
rPois  .         Spirit   .     (helmet restricted)
rElec  .         Reflect  +     o - +0 cloak (curse)
rCorr  .         Harm     .     (gloves unavailable)
MR     +....                    (boots unavailable)
Stlth  +++++.....               u - +3 amulet of reflection
                                (no ring)
                                (no ring)

@: very quick
A: unfitting armour, see invisible, herbivore 3, speed 3, slow metabolism 2
a: no special abilities


You were on level 5 of the Dungeon.
You were not hungry.

You visited 1 branch of the dungeon, and saw 6 of its levels.

You collected 111 gold pieces.
You spent 73 gold pieces at shops.

Inventory:

Hand Weapons
 a - a +2 dagger of flaming
 e - a +3 hunting sling of freezing
 s - a +4 quarterstaff of chaos (weapon)
 v - a +1 hunting sling of velocity
 w - a +4 hunting sling
Missiles
 d - 5 needles of confusion
 f - 4 bolts
 h - 138 stones (quivered)
 l - 7 tomahawks
 y - 45 arrows
Armour
 o - a cursed +0 cloak (worn)
 q - a +0 robe (worn)
Jewellery
 i - an uncursed amulet of faith
 m - a +3 ring of strength {unknown}
 u - a +3 amulet of reflection (around neck)
Wands
 B - a wand of enslavement (12/24)
Scrolls
 k - 2 scrolls of remove curse
 x - 3 scrolls of fear
 z - a scroll of recharging
 A - a scroll of magic mapping {unknown}
Potions
 b - a potion of magic {unknown}
 j - a potion of haste {unknown}
 n - 2 potions of flight
 p - 2 potions of curing
 r - a potion of agility
 t - a potion of cure mutation {unknown}
Comestibles
 c - 3 bread rations


   Skills:
 - Level 2.4 Fighting
 - Level 3.2 Short Blades
 * Level 6.1 Slings
 * Level 8.6 Dodging
 * Level 10.2 Stealth


You had 7 spell levels left.
You didn't know any spells.

Dungeon Overview and Level Annotations

Branches:
Dungeon (6/15)             Temple (0/1) D:5

Altars:
Dithmenos

Shops:
D:4 *%!

Annotations:
D:4 Frank's ghost, amateur GrGl


Innate Abilities, Weirdness & Mutations

You are very small and have problems with some larger weapons.
You are too small for most types of armour.
You have supernaturally acute eyesight. (SInv)
You are a herbivore.
You cover ground extremely quickly.
You need consume almost no food.


Message History

Press: ? - help, Shift-Dir - straight line, f/p - ice beast
Aim: an ice beast (severely wounded)
You shoot a stone. The stone barely misses the ice beast.
You block the ice beast's attack.
Wield which item (- for none, * to show all)? (? for menu, Esc to quit)
Your +4 quarterstaff of chaos is briefly surrounded by a scintillating aura of random colours.
s - a +4 quarterstaff of chaos (weapon)
The ice beast completely misses you.
You closely miss the ice beast.
The ice beast is severely wounded.
The ice beast barely misses you.
You hit the ice beast.
You melt the ice beast.
The ice beast is almost dead.
The ice beast hits you. The ice beast freezes you!
You hit the ice beast.
The ice beast is almost dead.
The ice beast hits you.
* * * LOW HITPOINT WARNING * * *
The ice beast freezes you!
You die...

###...## ##..####......
##...### ##...###.......
###...## ##...##.........
##...### #...............
###...####...............
##....#..).....###.....
###........######.....
##.....######.......
##@######)......[..
##.Y.#..............
#..(.>..............
##(##.........###....
##(####.....#### #....
##(## ##..### #.... ##.##
#..# #.... ##((# #.)##
#.... ##..###### ##..#
#....


You could see an ice beast.

Vanquished Creatures
  The ghost of BorisBritva the Insei, an amateur DsGl (D:3)
  A sky beast (D:5)
  A phantom (D:5)
  An ogre (D:5)
  2 centaurs (D:5)
  Blork the orc (D:4)
  A bullfrog (D:5)
  A scorpion (D:5)
  A howler monkey (D:5)
  A crimson imp (D:5)
  Crazy Yiuf (D:4)
  2 bullfrog skeletons
  Jessica (D:2)
  Ijyb (D:1)
  A hound skeleton (D:4)
  A worker ant zombie (D:5)
  4 gnolls
  6 adders
  3 oozes
  2 adder skeletons
  A worm (D:4)
  3 leopard geckos
  12 orcs
  8 giant cockroaches
  7 goblins
  5 hobgoblins
  2 jackals (D:2)
  11 kobolds
  2 quokkas
  5 bats
  6 frilled lizards
  A leopard gecko zombie (D:5)
  10 rats
106 creatures vanquished.

Notes
Turn   | Place    | Note
-------+----------+-------------------------------------------
     0 | D:1      | Chiseanne the Spriggan Monk began the quest for the Orb.
     0 | D:1      | Reached XP level 1. HP: 11/11 MP: 2/2
    98 | D:1      | Reached skill level 4 in Stealth
    98 | D:1      | Reached XP level 2. HP: 13/16 MP: 3/3
   506 | D:1      | Reached skill level 5 in Stealth
   842 | D:1      | Reached XP level 3. HP: 9/19 MP: 4/4
  1241 | D:2      | Noticed Ijyb
  1332 | D:1      | Killed Ijyb
  1332 | D:1      | Reached skill level 6 in Stealth
  1879 | D:2      | Reached XP level 4. HP: 6/23 MP: 5/5
  2243 | D:2      | Reached skill level 7 in Stealth
  2267 | D:2      | Reached skill level 1 in Slings
  2471 | D:2      | Noticed Jessica
  2473 | D:2      | Killed Jessica
  2473 | D:2      | Reached skill level 5 in Dodging
  2473 | D:2      | Reached XP level 5. HP: 27/27 MP: 6/6
  2769 | D:3      | Noticed BorisBritva's ghost (amateur DsGl)
  3212 | D:3      | Killed BorisBritva's ghost
  3212 | D:3      | Reached skill level 8 in Stealth
  3212 | D:3      | Reached XP level 6. HP: 24/32 MP: 7/7
  4037 | D:4      | Noticed Frank's ghost (amateur GrGl)
  4094 | D:4      | Noticed Blork the orc
  4119 | D:4      | Killed Blork the orc
  4409 | D:4      | Found Deyrotwa's General Store.
  4414 | D:4      | Bought a scroll of fear for 38 gold pieces
  4414 | D:4      | Bought a scroll of fog for 22 gold pieces
  4524 | D:4      | Found Moneq's Distillery.
  4527 | D:4      | Bought a potion of degeneration for 13 gold pieces
  4669 | D:4      | Found Ucroeg's Food Boutique.
  4811 | D:4      | Found a runed door.
  4839 | D:4      | Noticed Crazy Yiuf
  4878 | D:4      | Killed Crazy Yiuf
  4959 | D:5      | Entered Level 5 of the Dungeon
  4959 | D:5      | Found a shadowy altar of Dithmenos.
  4984 | D:5      | Reached XP level 7. HP: 32/35 MP: 8/8
  5036 | D:5      | Reached skill level 9 in Stealth
  5107 | D:5      | Reached skill level 5 in Slings
  5537 | D:5      | Found a staircase to the Ecumenical Temple.
  5690 | D:5      | Reached skill level 10 in Stealth
  5690 | D:5      | Reached XP level 8. HP: 39/39 MP: 9/9
  5964 | D:5      | Slain by an ice beast

Skill      XL: |  1  2  3  4  5  6  7  8 |
---------------+-------------------------+-----
Stealth        | 4 5 6 7 8 10 | 10.2
Slings         | 1 3 4 5 6 |  6.1
Dodging        | 5 7 8 |  8.6
Fighting       | |  2.4
Short Blades   | |  3.2

Action                   |  1- 3 |  4- 6 |  7- 9 || total
-------------------------+-------+-------+-------++-------
Melee: Short sword       |    64 |       |       ||    64
       Dagger            |   142 |     9 |       ||   151
       Quarterstaff      |       |     5 |    14 ||    19
 Fire: Hunting sling     |     6 |   205 |   104 ||   315
Throw: Throwing net      |       |     2 |       ||     2
  Use: Scroll            |     2 |     7 |     1 ||    10
       Potion            |     4 |       |       ||     4
 Stab: Sleeping          |     4 |     1 |       ||     5
       Distracted        |     1 |       |       ||     1
  Eat: Pizza             |       |     1 |     1 ||     2
Armor: Robe              |    11 |     2 |     1 ||    14
       Skin              |    29 |       |       ||    29
Dodge: Dodged            |   159 |    47 |    73 ||   279
Block: Other             |       |     2 |    10 ||    12
